 Dungeon Crawl Stone Soup version 0.28.0-43-g3370ac3207 (webtiles) character file.

Game seed: 15870148618486863812

17 pkoi the Insei (level 2, 0/18 HPs)
             Began as an Octopode Transmuter on Mar 21, 2022.
             Slain by a bat (1 damage)
             ... on level 1 of the Dungeon.
             The game lasted 00:01:33 (1386 turns).

pkoi the Insei (Octopode Transmuter)                Turns: 1386, Time: 00:01:34

Health: 0/18       AC:  1    Str:  7 (9)  XL:     2   Next: 62%
Magic:  5/5        EV: 13    Int: 13 (15) God:
Gold:   19         SH:  0    Dex: 10 (12) Spells: 4/5 levels left

rFire   . . .      SeeInvis .     - Unarmed
rCold   . . .      Faith    .   (no shield)
rNeg    . . .      Spirit   .   (helmet restricted)
rPois   .          Reflect  .   (no amulet)
rElec   .          Harm     .   (no ring)
rCorr   .          Rampage  .   (no ring)
Will    .....                   (no ring)
Stlth   ++........              (no ring)
HPRegen 0.06/turn               (no ring)
MPRegen 0.09/turn               (no ring)
                                (no ring)
                                (no ring)

@: no status effects
A: almost no armour, amphibious, 8 rings, camouflage 1, gelatinous body 1,
(nimble swimmer 1), tentacles
a: no special abilities


You were on level 1 of the Dungeon.
You visited 1 branch of the dungeon, and saw 1 of its levels.

You collected 19 gold pieces.

Inventory:

Hand Weapons
 e - a +0 dagger
Scrolls
 a - a scroll of brand weapon {unknown}
 b - a scroll of immolation {unknown}
 c - 3 scrolls of identify {unknown}
 f - a scroll of magic mapping {unknown}


   Skills:
 - Level 1.0 Fighting
 - Level 2.0 Dodging
 + Level 3.4 Unarmed Combat
 + Level 2.1 Spellcasting
 * Level 2.4 Transmutations


You had 4 spell levels left.
You knew the following spells:

 Your Spells              Type           Power      Damage    Failure   Level
a - Beastly Appendage     Tmut           14%        N/A       10%         1

Your spell library contained the following spells:

 Spells                   Type           Power      Damage    Failure   Level
 Wereblood                Tmut           7%         N/A       14%         2
 Spider Form              Tmut/Pois      4%         N/A       41%         3
 Ice Form                 Ice/Tmut       4%         N/A       83%         4


Dungeon Overview and Level Annotations

Branches:
Dungeon (1/15)

Altars:


Innate Abilities, Weirdness & Mutations

You cannot wear most types of armour.
You are amphibious.
You can wear up to eight rings at the same time.
Your skin changes colour to match your surroundings (Stealth+).
Your rubbery body absorbs attacks. (AC +1, EV +1)
((You are camouflaged when in or above water. (Stealth+)))
You have tentacles for arms and can constrict up to eight enemies at once.


Message History

You kill the goblin!
The bat hits you.
* * * LOW HITPOINT WARNING * * *
The giant cockroach closely misses you.
Unknown command.
You tentacle-slap the giant cockroach but do no damage.
Your grab misses the giant cockroach.
You squeeze the giant cockroach, but do no damage.
The bat hits you.
* * * LOW HITPOINT WARNING * * *
The bat hits you but does no damage. The giant cockroach bites you.
* * * LOW HITPOINT WARNING * * *
You tentacle-slap the giant cockroach but do no damage.
You grab the giant cockroach.
You squeeze the giant cockroach, but do no damage.
You constrict the giant cockroach, but do no damage.
The bat hits you but does no damage. The bat closely misses you.
The bat barely misses you. The giant cockroach closely misses you.
Unknown command.
You release your grip on the giant cockroach.
The bat misses you. The bat barely misses you.
The giant cockroach closely misses you.
You tentacle-slap the bat but do no damage.
Your grab misses the bat. Your squeeze misses the bat. The bat hits you.
* * * LOW HITPOINT WARNING * * *
The bat barely misses you. The giant cockroach barely misses you.
The bat closely misses you.
Unknown command.
You closely miss the bat. Your grab misses the bat. You squeeze the bat.
The bat is heavily wounded.
The bat hits you.
* * * LOW HITPOINT WARNING * * *
The giant cockroach closely misses you. The bat closely misses you.
The giant cockroach bites you.
* * * LOW HITPOINT WARNING * * *
It was a potion of degeneration.
There was something very wrong with that liquid.
You feel weakened.
You feel dopey.
You feel clumsy. The bat hits you.
You die...

......# #...# ......#
#...# ......####...###
...............# ##
...............# ###...
...............###......
..........#.............
..........#.....b.......
..........#.....@.......
..........##..)Bb.######
..........##......#
..........##......#
..........##......#
..........##......#
..........##......#
..........##......#
###########


You could see a giant cockroach and 2 bats.

Vanquished Creatures
  2 endoplasms (D:1)
  2 giant cockroaches (D:1)
  3 goblins (D:1)
  A hobgoblin (D:1)
  3 bats (D:1)
  3 frilled lizards (D:1)
  A kobold (D:1)
  2 rats (D:1)
17 creatures vanquished.

Notes
Turn   | Place    | Note
-------+----------+-------------------------------------------
     0 | D:1      | pkoi the Octopode Transmuter began the quest for the Orb.
     0 | D:1      | Reached XP level 1. HP: 13/13 MP: 3/3
   580 | D:1      | Found a faded altar of an unknown god.
  1003 | D:1      | Reached XP level 2. HP: 15/18 MP: 3/5
  1386 | D:1      | Slain by a bat

Illustrated notes

Levels and vault maps discovered:
D:1:      onia_arrival_mini_maze, layout_basic,
          dreamdust_ecumenical_altar_statues,
          hangedman_abyss_or_decor_lesser_grid, minmay_tromino_v7

Action                   || total
-------------------------++-------
Melee: Unarmed           ||    39
       Constrict         ||    14
       Tentacles         ||    12
       Dagger            ||     4
       Kick              ||     3
 Cast: Beastly Appendage ||     6
  Use: Potion            ||     1
 Stab: Sleeping          ||     4
Armor: Skin              ||     8
Dodge: Dodged            ||    36
